 Dungeon Crawl Stone Soup version 0.31-a0-162-gc4c5a43528 (webtiles) character file.

Game seed: 2835085854620603207

487 qw the Chopper (level 7, -1/43 HPs)
             Began as a Gargoyle Fighter on June 12, 2023.
             Slain by Edmund
             ... wielding a +4 dire flail of holy wrath
              (10 damage)
             ... on level 4 of the Dungeon.
             The game lasted 00:01:33 (3177 turns).

qw the Chopper (Gargoyle Fighter)                   Turns: 3177, Time: 00:01:33

Health: -1/43      AC: 16    Str: 24    XL:     7   Next: 13%
Magic:  7/7        EV: 10    Int:  9    God:
Gold:   72         SH:  4    Dex:  9    Spells: 6/6 levels left

rFire   . . .        Y - +0 war axe
rCold   . . .        c - +0 buckler
rNeg    + . .        b - +0 scale mail
rPois   inf          f - +1 helmet
rElec   +            (no cloak)
rCorr   .            (no gloves)
SInv    .            q - +2 pair of boots of Rodopere {Str+3}
Will    .....        m - amulet of faith Stlth
                     (no ring)
HPRegen 0.27/turn    (no ring)
MPRegen 0.10/turn

%: faith
@: no status effects
A: sickness immunity, AC +4, negative energy resistance 1, electricity
resistance, torment resistance 1, petrification resistance
a: no special abilities


You were on level 4 of the Dungeon.
You visited 1 branch of the dungeon, and saw 4 of its levels.

You collected 212 gold pieces.
You spent 140 gold pieces at shops.


Innate Abilities, Weirdness & Mutations

You are immune to sickness and miasma.
Your stone body is resilient. (AC +4)
You are immune to poison.
You resist negative energy. (rN+)
You are resistant to electric shocks. (rElec)
You are resistant to unholy torment.
You are immune to petrification.


   Skills:
 - Level 4.0 Fighting
 + Level 5.5 Axes
 - Level 3.2 Armour
 - Level 2.9 Dodging
 - Level 3.2 Shields


You had 6 spell levels left.
You didn't know any spells.
Your spell library was empty.

Inventory:

Hand Weapons
 r - the +5 flail of Brutal Revenge {flame, rElec rC+ Str+2 Dex-5}
   (You found it on level 3 of the Dungeon)

   Str:       It affects your strength (+2).
   Dex:       It affects your dexterity (-5).
   rC:        It protects you from cold.
   rElec:     It insulates you from electricity.
 Y - a +0 war axe (weapon)
Armour
 b - a +0 scale mail (worn)
 c - a +0 buckler (worn)
 f - a +1 helmet (worn)
 l - a +0 chain mail
 q - the +2 pair of boots of Rodopere (worn) {Str+3}
   (You found it on level 3 of the Dungeon)

   Str:       It affects your strength (+3).
Jewellery
 g - an amulet of the acrobat
 m - an amulet of faith (around neck)
 u - an amulet of magic regeneration
Scrolls
 a - a scroll of identify
 i - a scroll of enchant weapon {unknown}
 t - a scroll of amnesia {unknown}
 w - a scroll of revelation {unknown}
Potions
 d - 4 potions of might
 e - 2 potions of lignification
 h - a potion of haste
 j - a potion of curing
 k - 3 potions of heal wounds {unknown}
 n - a potion of brilliance {unknown}
 o - a potion of cancellation {unknown}
 p - a potion of attraction {unknown}
 s - a potion of berserk rage {unknown}
 v - a potion of resistance

Dungeon Overview and Level Annotations

Branches:
Dungeon (4/15)
 Temple: D:4-7

Altars:
Dithmenos
Makhleb
Qazlal
Xom
The Shining One

Shops:
D:4 *

Annotations:
D:4 Edmund


Message History

Edmund hits you with a +4 dire flail of holy wrath!
You hit Edmund but do no damage.
Edmund hits you with a +4 dire flail of holy wrath.
Edmund hits you but does no damage.
You hit Edmund.
Edmund is lightly wounded.
Edmund hits you with a +4 dire flail of holy wrath!
You hit Edmund.
Edmund is lightly wounded.
Edmund closely misses you.
You barely miss Edmund.
Edmund is lightly wounded.
Edmund misses you.
You barely miss Edmund.
Edmund is lightly wounded.
Edmund hits you but does no damage. x2
You barely miss Edmund.
Edmund is lightly wounded.
You block Edmund's attack.
You closely miss Edmund.
Edmund is lightly wounded.
Edmund hits you but does no damage.
You hit Edmund.
Edmund is moderately wounded.
Edmund hits you with a +4 dire flail of holy wrath!
You closely miss Edmund.
Edmund is moderately wounded.
Edmund hits you with a +4 dire flail of holy wrath.
Edmund closely misses you.
You slash Edmund!
Edmund is heavily wounded.
Edmund hits you with a +4 dire flail of holy wrath.
You closely miss Edmund.
Edmund is heavily wounded.
Edmund hits you with a +4 dire flail of holy wrath.
You barely miss Edmund.
Edmund is heavily wounded.
Edmund closely misses you.
Edmund hits you with a +4 dire flail of holy wrath!
You die...

######### ########
#......[# #.......
#.#####.###.#####. #.#
#.............
#@###.#...#.#####.
......@...........# #...
.....##.#####...#.###.#.
.... #........##.......
##. ########.######.## #
#.# #.# #+## #.# ##...##
#.## ##.....## #...


You could see Edmund.

Vanquished Creatures
  Grinder (D:4)
  An ogre (D:4)
  A crimson imp (D:3)
  An orc priest (D:4)
  A hound (D:4)
  5 adders
  2 dart slugs (D:1)
  7 orcs
  2 endoplasms
  6 giant cockroaches
  5 goblins
  5 hobgoblins
  4 jackals (D:1)
  5 kobolds
  2 quokkas (D:2)
  5 ball pythons
  4 bats
  4 frilled lizards
  6 rats
67 creatures vanquished.

Notes
Turn   | Place    | Note
-------+----------+-------------------------------------------
     0 | D:1      | qw the Gargoyle Fighter began the quest for the Orb.
     0 | D:1      | Reached XP level 1. HP: 14/14 MP: 1/1
     0 | D:1      | 0 ||| qw: Version: 0.2-a-29-gc1b59c4
     0 | D:1      | 0 ||| qw: Game counter: 4393
     0 | D:1      | 0 ||| qw: Always use a shield: true
     0 | D:1      | 0 ||| qw: God list: Okawaru
     0 | D:1      | 0 ||| qw: Allow faded altars: false
     0 | D:1      | 0 ||| qw: Do Orc after D:15 true
     0 | D:1      | 0 ||| qw: Do second Lair branch before Depths: true
     0 | D:1      | 0 ||| qw: Lair rune preference: random
     0 | D:1      | 0 ||| qw: Plans: Normal, Zot:1-4, Slime:5, God:TSO, Crypt,
                  | Tomb, Abyss, Pan, Hells, Win
     0 | D:1      | 0 ||| PLANNING D:1-11
    10 | D:1      | 10 ||| Stepping ~*~*~tactically~*~*~ (hiding).
   155 | D:1      | Reached skill level 2 in Axes
   214 | D:1      | Reached XP level 2. HP: 19/19 MP: 2/2
   274 | D:1      | 274 ||| Stepping ~*~*~tactically~*~*~ (stealth).
   276 | D:1      | 276 ||| Stepping ~*~*~tactically~*~*~ (stealth).
   344 | D:1      | Reached skill level 3 in Axes
   347 | D:1      | 347 ||| DROPPING +0 whip.
   405 | D:1      | Found a faded altar of an unknown god.
   445 | D:1      | Reached XP level 3. HP: 23/23 MP: 3/3
   630 | D:1      | 630 ||| Stepping ~*~*~tactically~*~*~ (stealth).
   631 | D:1      | 631 ||| Stepping ~*~*~tactically~*~*~ (stealth).
   663 | D:1      | 663 ||| UPGRADING to amulet of the acrobat.
   668 | D:1      | 668 ||| UPGRADING to amulet of faith.
   678 | D:1      | 678 ||| READING 3 scrolls labelled RAIMIG BET CIH.
   679 | D:1      | 679 ||| READING scroll labelled EJIXEL ITYTEIM.
   680 | D:1      | 680 ||| READING scroll labelled NIOKHL KIFUIS.
   695 | D:1      | 695 ||| READING 2 scrolls of identify.
   695 | D:1      | 695 ||| IDENTIFYING smoky clear potion
   696 | D:1      | 696 ||| DROPPING potion of degeneration.
   869 | D:2      | 869 ||| READING scroll labelled TOHICA BAYG AJONT.
   921 | D:2      | Found a shadowy altar of Dithmenos.
  1015 | D:2      | Reached XP level 4. HP: 24/28 MP: 4/4
  1101 | D:2      | Reached skill level 4 in Axes
  1235 | D:2      | Identified the +1 whip of Qilemun {flame, Str+4}
  1237 | D:2      | 1237 ||| DROPPING +1 whip of Qilemun {flame, Str+4}.
  1341 | D:2      | 1341 ||| UPGRADING to +0 helmet.
  1346 | D:2      | 1346 ||| READING scroll labelled ASCHUE BIDYANNU.
  1349 | D:2      | 1349 ||| READING 3 scrolls of identify.
  1349 | D:2      | 1349 ||| IDENTIFYING amethyst potion
  1350 | D:2      | 1350 ||| READING 2 scrolls of identify.
  1350 | D:2      | 1350 ||| IDENTIFYING fizzy red potion
  1517 | D:3      | Found a shimmering altar of Xom.
  1518 | D:3      | Found a burning altar of Makhleb.
  1524 | D:3      | Reached XP level 5. HP: 31/32 MP: 5/5
  1719 | D:3      | Identified the +2 pair of boots of Rodopere {Str+3}
  1892 | D:3      | Identified the +5 flail of Brutal Revenge {flame, rElec rC+
                  | Str+2 Dex-5}
  1894 | D:3      | 1894 ||| DROPPING +0 mace.
  2060 | D:3      | Found a stormy altar of Qazlal.
  2101 | D:3      | Found a glowing golden altar of the Shining One.
  2411 | D:3      | 2411 ||| UPGRADING to +2 pair of boots of Rodopere {Str+3}.
  2416 | D:3      | 2416 ||| READING scroll labelled XOARCH SAOCKEV.
  2417 | D:3      | 2417 ||| READING scroll labelled SUONNY IG DYA.
  2418 | D:3      | 2418 ||| READING 2 scrolls of identify.
  2418 | D:3      | 2418 ||| IDENTIFYING red potion
  2533 | D:4      | Noticed an ogre
  2543 | D:4      | Killed an ogre
  2544 | D:4      | Reached skill level 5 in Axes
  2544 | D:4      | Reached XP level 6. HP: 18/37 MP: 6/6
  2794 | D:4      | Noticed Grinder
  2807 | D:4      | 2807 ||| FLEEEEING.
  2808 | D:4      | 2808 ||| FLEEEEING.
  2809 | D:4      | 2809 ||| FLEEEEING.
  2827 | D:4      | Killed Grinder
  2878 | D:4      | Found Litisea's General Store.
  2885 | D:4      | 2885 ||| SHOPLISTING +2 cloak of willpower (215 gold, have
                  | 203).
  2885 | D:4      | 2885 ||| BUYING potion of might (40 gold).
  2885 | D:4      | Bought a potion of might for 40 gold pieces
  2885 | D:4      | 2885 ||| BUYING potion of resistance (100 gold).
  2885 | D:4      | Bought a potion of resistance for 100 gold pieces
  2969 | D:4      | Reached XP level 7. HP: 40/41 MP: 7/7
  3107 | D:4      | 3107 ||| READING scroll of enchant armour.
  3107 | D:4      | 3107 ||| ENCHANTING +0 helmet.
  3161 | D:4      | Noticed Edmund
  3175 | D:4      | HP: 10/43 [Edmund/+4 dire flail of holy wrath (5)]
  3177 | D:4      | Slain by Edmund

Levels and vault maps discovered:
D:1:      onia_arrival_pyramid, layout_rooms, shapermc_ecumenical_altar_gd,
          minmay_small_reverse_x
D:2:      layout_basic, basic_altar
D:3:      layout_basic, grunt_temple_overflow_champion_of_chaos,
          nicolae_tso_swordbearing_angel, nicolae_qazlal_eye_of_the_storm
D:4:      layout_loops_corners, serial_shops, shop, uniq_edmund, uniq_grinder

Skill      XL: |  1  2  3  4  5  6  7 |
---------------+----------------------+-----
Axes           | 2 3 4 5 |  5.5
Dodging        | 2 |  2.9
Fighting       | 4 |  4.0
Armour         | |  3.2
Shields        | |  3.2

Action                     |  1- 3 |  4- 6 |  7- 9 || total
---------------------------+-------+-------+-------++-------
  Melee: War axe           |    91 |   109 |    22 ||   222
    Use: Scroll            |     5 |     6 |     1 ||    12
 Armour: Scale mail        |    41 |    41 |     8 ||    90
  Dodge: Dodged            |    48 |    34 |     9 ||    91
  Block: Buckler           |    21 |    18 |     4 ||    43

Table legend:
 A = Non-vault XP
 B = Vault XP
 C = Vault XP percentage of total XP
 D = Non-vault monster count
 E = Vault monster count
 F = Vault count percentage of total count
                 A         B        C        D         E       F
            +---------+---------+-------+---------+---------+-------
      Total |     362 |     334 |  48.0 |      61 |       6 |   9.0
            +---------+---------+-------+---------+---------+-------
        D:1 |      39 |       9 |  18.8 |      23 |       4 |  14.8
        D:2 |      72 |       0 |   0.0 |      15 |       0 |   0.0
        D:3 |      31 |      48 |  60.8 |      11 |       1 |   8.3
        D:4 |     220 |     277 |  55.7 |      12 |       1 |   7.7
            +---------+---------+-------+---------+---------+-------
